 Dungeon Crawl Stone Soup version 0.23-a0-516-g0f8c2457b6 (webtiles) character file.

3691 Narretz the Magician (level 9, -7/67 HPs)
             Began as a Demigod Earth Elementalist on Dec 5, 2018.
             Mangled by a wyvern (17 damage)
             ... on level 8 of the Dungeon.
             The game lasted 00:36:13 (7024 turns).

Narretz the Magician (Demigod Earth Elementalist)   Turns: 7024, Time: 00:36:14

Health: -7/67      AC:  5    Str: 14    XL:     9   Next: 59%
Magic:  13/22      EV: 15    Int: 28    God:
Gold:   270        SH:  4    Dex: 18    Spells: 7/20 levels left

rFire    . . .     SeeInvis .   N - +6 broad axe "Unoighih" {chop, Str+3 Int+3}
rCold    . . .     Gourm    .   (no shield)
rNeg     . . .     Faith    .   c - +0 robe
rPois    +         Spirit   .   L - +1 hat
rElec    .         Reflect  +   (no cloak)
rCorr    .         Harm     .   m - +0 pair of gloves
MR       .....                  u - +0 pair of boots
Stlth    +++.......             J - +4 amulet of reflection
HPRegen  0.21/turn              h - ring of poison resistance
MPRegen  0.18/turn              M - +2 ring of intelligence

@: hasted, very quick
A: high mp 1
a: no special abilities


You were on level 8 of the Dungeon.
You were not hungry.

You visited 1 branch of the dungeon, and saw 8 of its levels.

You collected 342 gold pieces.
You spent 72 gold pieces at shops.

Inventory:

Hand Weapons
 B - a +2 hand axe of electrocution
 H - a +2 falchion of flaming
 N - the +6 broad axe "Unoighih" (weapon) {chop, Str+3 Int+3}
   (You found it on level 7 of the Dungeon)

   It inflicts extra damage upon your enemies.
   It affects your strength (+3).
   It affects your intelligence (+3).
Missiles
 b - 137 stones
 f - 6 tomahawks (quivered)
 j - 2 throwing nets
 n - 56 sling bullets
 F - 4 poisoned tomahawks
Armour
 c - a +0 robe (worn)
 m - a +0 pair of gloves (worn)
 u - a +0 pair of boots (worn)
 A - a +0 buckler
 L - a +1 hat (worn)
Jewellery
 h - a ring of poison resistance (left hand)
 z - an uncursed amulet of the gourmand
 J - a +4 amulet of reflection (around neck)
 K - an uncursed ring of positive energy
 M - a +2 ring of intelligence (right hand)
Wands
 a - a wand of flame (21)
 C - a wand of random effects (5)
 I - a wand of iceblast (9)
Scrolls
 i - a scroll of noise {unknown}
 k - 2 scrolls of teleportation
 s - a scroll of enchant armour {unknown}
 t - 4 scrolls of amnesia
 w - 3 scrolls of remove curse {unknown}
 y - a scroll of enchant weapon {unknown}
 E - a scroll of fog {unknown}
 G - 3 scrolls of fear {unknown}
 O - a scroll of magic mapping {unknown}
Potions
 e - 2 potions of brilliance {unknown}
 g - 2 potions of lignification
 l - a potion of agility {unknown}
 o - a potion of mutation {unknown}
 p - 2 potions of might
 q - a potion of invisibility {unknown}
 r - a potion of haste
 v - 3 potions of heal wounds {unknown}
 x - 5 potions of curing
 D - 2 potions of flight {unknown}
 P - a potion of resistance {unknown}
Comestibles
 d - 11 rations
 Q - 4 chunks of flesh


   Skills:
 - Level 2.3 Fighting
   Level 1.0(2.3) Short Blades
 - Level 3.2(3.3) Long Blades
 + Level 3.4 Axes
 + Level 2.5 Throwing
 + Level 4.8 Dodging
 + Level 4.3 Stealth
 + Level 1.8 Shields
 * Level 6.1 Spellcasting
 + Level 3.2 Conjurations
 + Level 0.8 Summonings
 + Level 0.6 Translocations
 + Level 1.0 Transmutations
 + Level 6.0 Earth Magic
 + Level 0.5 Evocations


You had 7 spell levels left.
You knew the following spells:

 Your Spells              Type           Power        Failure   Level  Hunger
a - Sandblast             Erth           #####.       1%          1    None
b - Passwall              Tmut/Erth      ####....     2%          2    None
c - Stone Arrow           Conj/Erth      ####..       2%          3    None
d - Apportation           Tloc           ##....       4%          1    None
e - Petrify               Tmut/Erth      ####....     14%         4    ###....
f - Call Imp              Summ           ##......     6%          2    None

Your spell library contained the following spells:

 Spells                   Type           Power        Failure   Level  Hunger
 Summon Small Mammal      Summ           ##..         4%          1    None
 Animate Skeleton         Necr           N/A          6%          1    None
 Confusing Touch          Hex            #.....       6%          1    None
 Call Canine Familiar     Summ           ##......     13%         3    None
 Lee's Rapid Deconstruct  Erth           #####.....   14%         5    #####..
 Summon Guardian Golem    Hex/Summ       ##......     16%         3    None
 Summon Ice Beast         Ice/Summ       ##......     45%         4    ###....
 Summon Lightning Spire   Summ/Air       ##......     45%         4    ###....


Dungeon Overview and Level Annotations

Branches:
Dungeon (8/15)             Temple (0/1) D:7
   Lair: D:8-11

Shops:
D:5 =   D:6 !


Innate Abilities, Weirdness & Mutations

You have an increased reservoir of magic. (+10% MP)


Message History

Press: ? - help, Shift-Dir - straight line, f/p - wyvern
Aim: a wyvern (almost dead)
The stone arrow misses the wyvern.
The wyvern bites you but does no damage.
The wyvern bites you!
* * * LOW HITPOINT WARNING * * *
Okay, then.
Casting: Stone Arrow (safe; 2% risk of failure)
Confirm with . or Enter, or press ? or * to list all spells.
Okay, then.
Casting: Stone Arrow (safe; 2% risk of failure)
Confirm with . or Enter, or press ? or * to list all spells.
Aiming: Stone Arrow (safe; 2% risk of failure)
Press: ? - help, Shift-Dir - straight line, f/p - wyvern
Aim: a wyvern (almost dead)
The stone arrow misses the wyvern.
The wyvern bites you!
* * * LOW HITPOINT WARNING * * *
You feel yourself speed up. The wyvern closely misses you.
The wyvern bites you!
You die...

....##....##............#......
.....#...###..........###......
.#....................## ##....
.##.##......#..#.......##......
.##.........#.[.............
....###....##.#.#..[##.....
.....####...#.......##..#
.......##...#...#......#
#....#..........@l.....#
.....#........#####...).#
................#.........#
##......###.........#.....#
###(....####....#...#.......
#........###.....#.##.#.#...#
.......#............#.....#.%
...#..##............#...#....
......#.......#.....


You could see a wyvern.

Vanquished Creatures
  Pikel (D:5)
  2 hippogriffs
  2 ice beasts
  2 black bears
  2 sky beasts
  A phantom (D:7)
  2 ogres
  A centaur (D:6)
  A big kobold (D:7)
  6 bullfrogs
  3 scorpions
  6 killer bees (D:7)
  3 crimson imps
  5 bullfrog zombies
  3 bullfrog skeletons
  2 orc priests
  A hound (D:5)
  2 jellies
  3 orc wizards
  Terence (D:3)
  3 iguanas
  Ijyb (D:3)
  7 worker ants
  4 gnolls (D:5)
  12 adders
  An ooze (D:3)
  A worm (D:3)
  An adder skeleton (D:8)
  4 dart slugs
  3 leopard geckos
  22 orcs
  2 ball pythons
  4 giant cockroaches
  4 goblins
  5 hobgoblins
  5 jackals
  13 kobolds
  6 quokkas
  6 bats
  3 frilled lizards
  2 leopard gecko skeletons
  A leopard gecko zombie (D:7)
  5 rats
164 creatures vanquished.

Vanquished Creatures (collateral kills)
  A crimson imp (D:6)
1 creature vanquished.

Grand Total: 165 creatures vanquished

Notes
Turn   | Place    | Note
-------+----------+-------------------------------------------
     0 | D:1      | Narretz the Demigod Earth Elementalist began the quest for
                  | the Orb.
     0 | D:1      | Reached XP level 1. HP: 14/14 MP: 5/5
   460 | D:1      | Reached XP level 2. HP: 19/20 MP: 7/7
   502 | D:1      | Learned a level 2 spell: Passwall
   910 | D:2      | Reached XP level 3. HP: 22/26 MP: 8/8
  1101 | D:2      | Learned a level 3 spell: Stone Arrow
  1343 | D:2      | Reached XP level 4. HP: 26/34 MP: 8/10
  1739 | D:3      | Reached skill level 1 in Fighting
  1748 | D:3      | Reached skill level 1 in Short Blades
  1851 | D:3      | Noticed Ijyb
  2052 | D:3      | Killed Ijyb
  2092 | D:3      | Noticed Terence
  2136 | D:3      | Killed Terence
  2136 | D:3      | Reached XP level 5. HP: 32/40 MP: 0/11
  2257 | D:3      | You fall through a shaft!
  2574 | D:4      | Reached skill level 1 in Conjurations
  3129 | D:5      | Entered Level 5 of the Dungeon
  3136 | D:5      | Noticed an ice beast
  3142 | D:5      | Killed an ice beast
  3142 | D:5      | Reached XP level 6. HP: 14/48 MP: 3/13
  3908 | D:5      | Reached XP level 7. HP: 55/55 MP: 10/14
  3979 | D:5      | Found Sitriushruu's Jewellery Shoppe.
  3985 | D:5      | Reached skill level 1 in Transmutations
  4233 | D:6      | Noticed Pikel
  4263 | D:6      | You fall through a shaft!
  4289 | D:7      | Reached skill level 1 in Axes
  4289 | D:7      | Reached skill level 5 in Earth Magic
  4312 | D:7      | Reached skill level 1 in Throwing
  4336 | D:7      | Learned a level 1 spell: Apportation
  4342 | D:7      | Learned a level 1 spell: Summon Small Mammal
  4345 | D:6      | Found Jefet's Distillery.
  4351 | D:6      | Bought 2 potions of curing for 72 gold pieces
  4423 | D:6      | Found an ancient bone altar of Kikubaaqudgha.
  4451 | D:6      | Learned a level 2 spell: Call Imp
  4903 | D:6      | Reached skill level 1 in Long Blades
  4978 | D:6      | Reached XP level 8. HP: 32/61 MP: 6/17
  5162 | D:5      | Killed Pikel
  5521 | D:6      | Reached skill level 5 in Spellcasting
  5822 | D:7      | Noticed a hippogriff
  5835 | D:7      | Killed a hippogriff
  5845 | D:7      | Reached XP level 9. HP: 64/67 MP: 13/20
  5865 | D:7      | Got a transparent broad axe
  5866 | D:7      | Identified the +6 broad axe "Unoighih" {chop, Str+3 Int+3}
                  | (You found it on level 7 of the Dungeon)
  5883 | D:7      | Found a hazy altar of Hepliaklqana.
  5898 | D:7      | Reached skill level 1 in Shields
  5905 | D:7      | Learned a level 4 spell: Petrify
  6133 | D:7      | Found a staircase to the Ecumenical Temple.
  6696 | D:8      | Found an opulent altar of Gozag.
  7024 | D:8      | Mangled by a wyvern

Vault maps used:
D:1:      minmay_arrival_stone_box
D:3:      uniq_ijyb, uniq_terence
D:5:      serial_shops, nicolae_shop_competitors_out_of_business, first_ration,
          minmay_crystal_room
D:6:      serial_shops, shop, basic_altar, chequers_mini_garden,
          kennysheep_generic_room_5, uniq_pikel
D:7:      lemuel_crystal_altar, minmay_temple_entry_glass, grunt_ogre_cave,
          nicolae_underground_beach
D:8:      serial_shops, shop, basic_altar, gammafunk_ghost_hive,
          hangedman_decor_lopped, kennysheep_small_spiral,
          minmay_misc_feat_cross

Skill      XL: |  1  2  3  4  5  6  7  8  9 |
---------------+----------------------------+-----
Earth Magic    | 3 4 5 6 |  6.0
Spellcasting   | 2 3 5 6 |  6.1
Dodging        | 2 3 4 |  4.8
Stealth        | 2 3 4 |  4.3
Fighting       | 1 2 |  2.3
Short Blades   | 1 |  1.0
Conjurations   | 1 2 3 |  3.2
Transmutations | 1 |  1.0
Axes           | 2 3 |  3.4
Throwing       | 1 2 |  2.5
Long Blades    | 1 3 |  3.2
Shields        | 1 |  1.8
Summonings     | |  0.8
Translocations | |  0.6
Evocations     | |  0.5

Action                   |  1- 3 |  4- 6 |  7- 9 || total
-------------------------+-------+-------+-------++-------
Melee: Short sword       |    93 |   106 |       ||   199
       Hand axe          |       |    28 |    29 ||    57
       Falchion          |       |       |   105 ||   105
       Broad axe         |       |       |    48 ||    48
Throw: Tomahawk          |       |    14 |    28 ||    42
       Throwing net      |       |     1 |       ||     1
       Stone             |       |       |     1 ||     1
 Cast: Sandblast         |    26 |    12 |     6 ||    44
       Stone Arrow       |       |    27 |    47 ||    74
       Passwall          |       |     2 |       ||     2
       Apportation       |       |       |     7 ||     7
       Summon Small Mamm |       |       |     1 ||     1
       Call Imp          |       |       |     2 ||     2
Evoke: Wand              |       |     6 |     2 ||     8
  Use: Scroll            |       |     3 |     5 ||     8
       Potion            |       |       |     2 ||     2
 Stab: Sleeping          |     4 |     3 |     7 ||    14
       Paralysed         |       |     1 |       ||     1
       Distracted        |       |       |     1 ||     1
  Eat: Chunk             |     2 |     7 |     7 ||    16
       Ration            |       |     1 |     2 ||     3
Armor: Robe              |    32 |    25 |    21 ||    78
Dodge: Dodged            |    81 |   107 |   165 ||   353
Block: Other             |       |       |    33 ||    33
       Rpst.: Falchion   |       |       |    28 ||    28

Table legend:
 A = Non-vault XP
 B = Vault XP
 C = Vault XP percentage of total XP
 D = Non-vault monster count
 E = Vault monster count
 F = Vault count percentage of total count
                 A         B        C        D         E       F
            +---------+---------+-------+---------+---------+-------
      Total |    4449 |     824 |  15.6 |     159 |       6 |   3.6
            +---------+---------+-------+---------+---------+-------
        D:1 |      26 |       0 |   0.0 |      14 |       0 |   0.0
        D:2 |     113 |       0 |   0.0 |      27 |       0 |   0.0
        D:3 |      75 |      71 |  48.6 |      21 |       2 |   8.7
        D:4 |     154 |       0 |   0.0 |      12 |       0 |   0.0
        D:5 |     542 |     617 |  53.2 |      15 |       1 |   6.2
        D:6 |     702 |      15 |   2.1 |      21 |       2 |   8.7
        D:7 |    1868 |     121 |   6.1 |      36 |       1 |   2.7
        D:8 |     969 |       0 |   0.0 |      13 |       0 |   0.0
            +---------+---------+-------+---------+---------+-------
